 Dungeon Crawl Stone Soup version 0.22-a0-567-gff9aefc (webtiles) character file.

45 inc the Firebug (level 3, 0/14 HPs)
             Began as a Felid Fire Elementalist on June 29, 2018.
             Succumbed to an adder's poison
             ... on level 2 of the Dungeon.
             The game lasted 00:01:53 (1136 turns).

inc the Firebug (Felid Fire Elementalist)           Turns: 1136, Time: 00:01:54

Health: 0/14       AC:  1    Str:  4    XL:     3   Next: 42%
Magic:  0/7        EV: 18    Int: 17    God:
Gold:   118        SH:  0    Dex: 16    Spells: 5/6 levels left
                                        Lives:  0   Deaths: 0

rFire    . . .     SeeInvis +   (weapon unavailable)
rCold    . . .     Gourm    .   (shield unavailable)
rNeg     . . .     Faith    .   (armour unavailable)
rPois    .         Spirit   .   (helmet unavailable)
rElec    .         Reflect  .   (cloak unavailable)
rCorr    .         Harm     .   (gloves unavailable)
MR       .....                  (boots unavailable)
Stlth    +++.......             (no amulet)
HPRegen  0.04/turn              (no ring)
MPRegen  0.10/turn              (no ring)

@: lethally poisoned (0 -> -6), quick
A: very small, no armour, no weapons or thrown items, stealth, claws 1, fangs 3,
see invisible, carnivore, speed 1, shaggy fur 1, slow metabolism 1, sharp paws
a: no special abilities


You were on level 2 of the Dungeon.
You were not hungry.

You visited 1 branch of the dungeon, and saw 2 of its levels.

You collected 118 gold pieces.

Inventory:

Scrolls
 d - a scroll of random uselessness {unknown}
 e - a scroll of fog {unknown}
 g - a scroll of fear {unknown}
 h - a scroll of remove curse {unknown}
 i - a scroll of enchant weapon {unknown}
Potions
 a - a potion of heal wounds {unknown}
 c - a potion of cancellation {unknown}
 f - a potion of lignification {unknown}
Comestibles
 b - 2 rations


   Skills:
 - Level 2.6 Dodging
 - Level 2.6 Stealth
 - Level 2.0 Spellcasting
 + Level 2.8 Conjurations
 + Level 3.0 Fire Magic


You had 5 spell levels left.
You knew the following spells:

 Your Spells              Type           Power        Failure   Level  Hunger
a - Flame Tongue          Conj/Fire      ##...        6%          1    #......

Your spell library contained the following spells:

 Spells                   Type           Power        Failure   Level  Hunger
 Fireball                 Conj/Fire      ##........   85%         5    ######.
 Conjure Flame            Conj/Fire      ##......     17%         3    ###....
 Throw Flame              Conj/Fire      ##....       9%          2    ###....
 Sticky Flame             Conj/Fire      ##......     50%         4    #####..
 Inner Flame              Hex/Fire       #.......     30%         3    ###....


Dungeon Overview and Level Annotations

Branches:
Dungeon (2/15)

Altars:


Innate Abilities, Weirdness & Mutations

You cannot wear armour.
You are incapable of wielding weapons or throwing items.
Your paws allow you to move quietly. (Stealth)
You have sharp claws.
You have razor-sharp teeth.
You have supernaturally acute eyesight. (SInv)
You are carnivorous and can eat meat at any time.
You cover ground quickly.
You are covered in fur. (AC +1)
You have a slow metabolism.
Your sharp claws are effective at attacking unaware monsters.


Message History

The flame tongue misses the adder.
The adder closely misses you.
You barely miss the adder.
The adder is severely wounded.
The adder closely misses you. x2
You miss the adder.
The adder is severely wounded.
The adder bites you.
* * * LOW HITPOINT WARNING * * *
You are lethally poisoned!
The adder poisons you!
You scratch the adder.
You kill the adder!
Your Fire Magic skill increases to level 3!
* * * LOW HITPOINT WARNING * * *
You feel sick.
Unknown command.
Casting: Flame Tongue (safe; 6% risk of failure)
Confirm with . or Enter, or press ? or * to list all spells.
You don't have enough magic to cast that spell.
You die...

#.......# #.......# #.....).#
#)......# #.......# #.......#
+....%..#
#####################.......#
#<.........#@..g....'.......+
##########.#.########.......#
####.#.# ######### #....#.#
#.####.# #......# ########


You could see a hobgoblin.

Vanquished Creatures
  An adder (D:2)
  An ooze (D:1)
  A dart slug (D:1)
  2 giant cockroaches (D:1)
  5 goblins (D:1)
  5 hobgoblins
  4 bats
  5 kobolds
  6 rats (D:1)
30 creatures vanquished.

Notes
Turn   | Place    | Note
-------+----------+-------------------------------------------
     0 | D:1      | inc the Felid Fire Elementalist began the quest for the Orb.
     0 | D:1      | Reached XP level 1. HP: 7/7 MP: 4/4
     2 | D:1      | Noticed a dwarf
     2 | D:1      | Noticed an elf
     4 | D:1      | Noticed a draconian
     6 | D:1      | Noticed a minotaur
     6 | D:1      | Noticed an octopode
     8 | D:1      | Noticed a vampire
     8 | D:1      | Noticed a vine stalker
    10 | D:1      | Noticed a human
    12 | D:1      | Noticed a troll
    12 | D:1      | Noticed a felid
    14 | D:1      | Noticed a halfling
    14 | D:1      | Noticed a centaur
    16 | D:1      | Noticed a naga
    16 | D:1      | Noticed a merfolk
    18 | D:1      | Noticed a tengu
    20 | D:1      | Noticed a formicid
    22 | D:1      | Noticed a gargoyle
    22 | D:1      | Noticed a demigod
    24 | D:1      | Noticed an ogre
    24 | D:1      | Noticed a ghoul
    26 | D:1      | Noticed a demonspawn
    26 | D:1      | Noticed a spriggan
    49 | D:1      | Reached skill level 1 in Conjurations
   253 | D:1      | Reached XP level 2. HP: 7/11 MP: 0/6
   957 | D:1      | Reached XP level 3. HP: 14/14 MP: 2/7
  1134 | D:2      | Reached skill level 3 in Fire Magic
  1136 | D:2      | Succumbed to an adder's poison

Vault maps used:
D:1:      kb_arrival_jail
D:2:      first_ration, doesnt_xom_only_xom

Skill      XL: |  1  2  3 |
---------------+----------+-----
Conjurations   | 1 2 |  2.8
Fire Magic     | 3 |  3.0
Dodging        | |  2.6
Stealth        | |  2.6
Spellcasting   | |  2.0

Action                   || total
-------------------------++-------
Melee: Unarmed           ||    30
       Bite              ||     2
 Cast: Flame Tongue      ||    58
  Eat: Chunk             ||     2
Armor: Skin              ||     1
Dodge: Dodged            ||    41

Table legend:
 A = Spawn XP
 B = Non-spawn XP
 C = Spawn XP percentage of total XP
 D = Spawn monster count
 E = Non-spawn monster count
 F = Spawn count percentage of total count
 G = Total turns spent on level
                    A         B        C        D         E        F      G
               +---------+---------+-------+---------+---------+-------+---------
         Total |       0 |      65 |   0.0 |       0 |      30 |   0.0 |  1136
               +---------+---------+-------+---------+---------+-------+---------
           D:1 |       0 |      46 |   0.0 |       0 |      25 |   0.0 |  1042
           D:2 |       0 |      19 |   0.0 |       0 |       5 |   0.0 |    94
               +---------+---------+-------+---------+---------+-------+---------
